 Dungeon Crawl Stone Soup version 0.31-a0-44-g49d609d0da (webtiles) character file.

Game seed: 3095880947734527402

4216 porpoise the Markskobold (level 10, -2/56 HPs)
             Began as a Kobold Hunter on May 21, 2023.
             Was a Follower of Hepliaklqana.
             Shot with an arrow by a spriggan (12 damage)
             ... in a bailey.
             The game lasted 00:20:23 (7690 turns).

porpoise the Markskobold (Kobold Hunter)            Turns: 7690, Time: 00:20:25

Health: -2/56      AC: 11    Str: 12    XL:     10   Next: 54%
Magic:  10/10      EV: 17    Int: 10    God:    Hepliaklqana [*.....]
Gold:   338        SH:  0    Dex: 19    Spells: 9/9 levels left

rFire   + + +        a - +0 shortbow
rCold   + . .        (shield currently unavailable)
rNeg    + . .        v - +2 leather armour {rC+}
rPois   +            C - +2 hat
rElec   .            (no cloak)
rCorr   .            (no gloves)
SInv    .            (no boots)
Will    .....        (no amulet)
Stlth   +++++        t - +4 ring of protection
HPRegen 0.29/turn    D - ring "Jisov" {rPois rF+++ rN+ Str+3 Dex-4}
MPRegen 0.12/turn

%: no passive effects
@: no status effects
A: reduced essence, small, no large weapons, nightstalker 3
a: Renounce Religion, Recall Ancestor, Ancestor Identity


You were in a bailey.
You worshipped Hepliaklqana.
Hepliaklqana was aware of your devotion.
You visited 2 branches of the dungeon, and saw 8 of its levels.
You also visited: Ossuary and Bailey.

You collected 338 gold pieces.

Inventory:

Hand Weapons
 a - a +0 shortbow (weapon)
 b - a +0 short sword of venom
Missiles
 q - 8 poisoned darts
Armour
 v - a +2 leather armour of cold resistance (worn)
 C - a +2 hat (worn)
Magical Staves
 m - a staff of cold
Jewellery
 t - a +4 ring of protection (left hand)
 x - a +4 ring of protection
 z - a ring of wizardry
 D - the ring "Jisov" (right hand) {rPois rF+++ rN+ Str+3 Dex-4}
   (You found it on level 6 of the Dungeon)

   [ring of poison resistance]

   Str:       It affects your strength (+3).
   Dex:       It affects your dexterity (-4).
   rF:        It renders you almost immune to fire.
   rPois:     It protects you from poison.
   rN:        It protects you from negative energy.
Wands
 w - a wand of quicksilver (7)
 y - a wand of digging (4)
 A - a wand of roots (18)
Scrolls
 c - a scroll of summoning {unknown}
 d - 2 scrolls of fog {unknown}
 e - 3 scrolls of immolation
 f - a scroll of poison
 i - a scroll of amnesia
 l - 2 scrolls of torment {unknown}
 n - a scroll of fear
 r - a scroll of acquirement {unknown}
 G - a scroll of blinking {unknown}
Potions
 g - 2 potions of ambrosia
 h - a potion of might
 j - 5 potions of attraction
 k - a potion of resistance
 o - 2 potions of brilliance
 p - a potion of lignification
 s - 5 potions of mutation
 u - 2 potions of curing
 B - a potion of heal wounds {unknown}
 E - a potion of invisibility
 F - 4 potions of berserk rage {unknown}


   Skills:
 - Level 7.0 Fighting
 + Level 6.3 Short Blades
 * Level 15.2 Ranged Weapons
 - Level 3.4 Armour
 - Level 5.8 Dodging
 - Level 7.0 Stealth
 - Level 5.1 Evocations


You had 9 spell levels left.
You didn't know any spells.
Your spell library contained the following spells:

 Spells                   Type           Power      Damage    Failure   Level
 Sandblast                Erth           0%         2d4       43%         1
 Passwall                 Tmut/Erth      0%         N/A       58%         2
 Stone Arrow              Conj/Erth      0%         3d7       82%         3


Dungeon Overview and Level Annotations

Branches:
Dungeon (7/15)             Temple (1/1) D:4         Ossuary (visited)
 Bailey (1/1)

Altars:
Ashenzari
Cheibriados
Dithmenos
Fedhas
Gozag
Hepliaklqana
Nemelex Xobeh
Okawaru
Qazlal
Trog
Uskayaw
Xom
Yredelemnul
Zin
The Shining One

Annotations:
Temple 2 transporters


Innate Abilities, Weirdness & Mutations

Your life essence is reduced to manifest your ancestor. (-10% HP)
You are small and have problems with some larger weapons.
You are completely attuned to the shadows.


Message History

You shoot an arrow. Beki avoids your attack.
The arrow hits the two-headed ogre.
The two-headed ogre is heavily wounded.
Beki hits the two-headed ogre but does no damage.
You shoot an arrow. Beki avoids your attack.
The arrow hits the two-headed ogre.
The two-headed ogre is heavily wounded.
Beki hits the two-headed ogre but does no damage.
The two-headed ogre misses you. The two-headed ogre closely misses you.
You shoot an arrow. Beki avoids your attack.
The arrow hits the two-headed ogre but does no damage.
The two-headed ogre is heavily wounded.
Beki hits the two-headed ogre but does no damage.
You shoot an arrow. Beki avoids your attack.
The arrow hits the two-headed ogre!
The two-headed ogre is severely wounded.
A spriggan comes into view.
It is wielding a +5 shortbow of electrocution.
The two-headed ogre hits you from afar with a +0 halberd!
The two-headed ogre closely misses you.
You are too injured to fight recklessly!
Unknown command.
Fire: a) +0 shortbow
Press: ? - help, Q - select action, (/) - cycle Shift-Dir - straight line, f/p - two-headed ogre
Aim: a two-headed ogre, wielding a +0 halberd and a +0 bardiche (severely wounded, ally target, 81% to hit)
You shoot an arrow. Beki avoids your attack.
The arrow hits the two-headed ogre but does no damage.
The two-headed ogre is severely wounded.
Beki hits the two-headed ogre!
Fire: a) +0 shortbow
Press: ? - help, Q - select action, (/) - cycle Shift-Dir - straight line, f/p - two-headed ogre
Aim: a two-headed ogre, wielding a +0 halberd and a +0 bardiche (almost dead, not watching you, ally target, 81% to hit)
You shoot an arrow. Beki avoids your attack.
The arrow hits the two-headed ogre!
You kill the two-headed ogre!
An acid dragon comes into view.
The spriggan shoots an arrow.
The arrow closely misses Beki.
The arrow hits you!
* * * LOW HITPOINT WARNING * * *
You are electrocuted!
You die...

##..#♣.......##..##
#..##..♣♣♣♣♣..##..#
#..# . ♣♣).#..#
#..# ♣..#))# #..#
♣..#.)# #..#
♣..#..# #..#
♣♣..#..# #..##
#D♣♣..♣#..# ##..##
.iR.@##..## ##.)##
....##..##
##..#####♣#..##
##)........##
##.......##
##~~~~~## #~~~~~#
###~~~~~###
##.........##


You could see the friendly Beki the ancestor, an acid dragon and a spriggan
(ally target).

Vanquished Creatures
  A two-headed ogre (Bailey)
  Pikel (D:5)
  2 spriggans (Bailey)
  Sigmund (D:5)
  Eustachio (D:6)
  Edmund (D:5)
  2 water moccasins (D:6)
  5 ogres
  A sky beast (D:6)
  2 ice beasts
  A centaur (D:6)
  2 phantoms
  2 elf zombies (Ossuary)
  2 bullfrogs (D:6)
  2 quasits (D:5)
  2 jellies
  An orc priest (D:5)
  A hound (D:6)
  A gnoll bouda (D:6)
  A sleepcap (D:6)
  6 iguanas
  An orc wizard (D:6)
  2 mummies (Ossuary)
  6 adders
  A gnoll (D:5)
  5 shadow imps (D:5)
  3 white imps (D:5)
  8 ufetubi
  5 worms
  4 dart slugs
  17 orcs
  8 ball pythons
  4 bats (D:1)
  5 endoplasms
  5 giant cockroaches
  8 hobgoblins
  9 jackals
  9 kobolds
  3 quokkas
  2 frilled lizards
  7 goblins
  8 hobgoblin zombies (Ossuary)
  6 kobold zombies (Ossuary)
  9 orc zombies (Ossuary)
  10 rats
  2 rat zombies (Ossuary)
185 creatures vanquished.

Vanquished Creatures (collateral kills)
  Grinder (D:6)
  A spriggan (Bailey)
  An ice beast (D:6)
  An ogre (D:6)
  A scorpion (D:6)
  A centaur zombie (Ossuary)
  2 human zombies (Ossuary)
  An iguana (D:6)
  A gnoll (D:6)
  An adder zombie (Ossuary)
  An orc (D:6)
  A goblin zombie (Ossuary)
  A hobgoblin zombie (Ossuary)
  A jackal zombie (Ossuary)
  A kobold zombie (Ossuary)
  An orc zombie (Ossuary)
  A rat zombie (Ossuary)
18 creatures vanquished.

Vanquished Creatures (others)
  An ancestor (D:6)
1 creature vanquished.

Grand Total: 204 creatures vanquished

Notes
Turn   | Place    | Note
-------+----------+-------------------------------------------
     0 | D:1      | porpoise the Kobold Hunter began the quest for the Orb.
     0 | D:1      | Reached XP level 1. HP: 12/12 MP: 1/1
   180 | D:1      | Reached XP level 2. HP: 18/18 MP: 2/2
   326 | D:1      | Reached skill level 6 in Ranged Weapons
   653 | D:1      | Reached XP level 3. HP: 22/22 MP: 3/3
   770 | D:1      | Found a faded altar of an unknown god.
  1532 | D:2      | Reached XP level 4. HP: 28/28 MP: 4/4
  1893 | D:2      | Found a broken altar of Ashenzari.
  2454 | D:3      | Found an iron altar of Okawaru.
  2457 | D:3      | Found a basalt altar of Yredelemnul.
  2804 | D:3      | Reached skill level 7 in Ranged Weapons
  2869 | D:3      | Found an opulent altar of Gozag.
  3080 | D:4      | Reached XP level 5. HP: 32/32 MP: 5/5
  3219 | D:4      | Reached skill level 11 in Ranged Weapons
  3219 | D:4      | Reached skill level 5 in Dodging
  3219 | D:4      | Reached skill level 5 in Evocations
  3219 | D:4      | Reached XP level 6. HP: 42/42 MP: 6/6
  3288 | D:4      | Found a staircase to the Ecumenical Temple.
  3295 | Temple   | Entered the Ecumenical Temple
  3298 | Temple   | Found a transporter.
  3298 | Temple   | Found a transporter.
  3301 | Temple   | Found a transporter.
  3301 | Temple   | Found a transporter.
  3326 | Temple   | Became a worshipper of Hepliaklqana the Forgotten
  3676 | D:5      | Entered Level 5 of the Dungeon
  3729 | D:5      | Reached XP level 7. HP: 40/47 MP: 7/7
  3963 | D:5      | Noticed Pikel
  3981 | D:5      | Killed Pikel
  3982 | D:5      | Reached skill level 12 in Ranged Weapons
  3982 | D:5      | Reached XP level 8. HP: 11/53 MP: 8/8
  4338 | D:5      | Reached skill level 1 in Short Blades
  4386 | D:5      | Noticed Edmund
  4393 | D:5      | Noticed Sigmund
  4673 | D:5      | Killed Edmund
  4720 | D:5      | Killed Sigmund
  4721 | D:5      | Reached skill level 13 in Ranged Weapons
  4721 | D:5      | Reached XP level 9. HP: 35/57 MP: 5/9
  4815 | D:5      | Found a shimmering altar of Xom.
  5235 | D:6      | Reached * piety under Hepliaklqana
  5319 | D:6      | Noticed Eustachio
  5326 | D:6      | Killed Eustachio
  5987 | D:6      | Noticed Grinder
  6003 | D:6      | Killed Grinder
  6004 | D:6      | Reached skill level 14 in Ranged Weapons
  6011 | D:6      | Reached XP level 10. HP: 26/56 MP: 10/10
  6174 | D:6      | Identified the ring "Jisov" {rPois rF+++ rN+ Str+3 Dex-4}
  6909 | D:6      | Reached skill level 5 in Short Blades
  7133 | D:7      | Found a sand-covered staircase.
  7139 | Ossuary  | Entered an ossuary
  7423 | D:7      | Found a flagged portal.
  7429 | Bailey   | Entered a bailey
  7491 | Bailey   | Reached skill level 15 in Ranged Weapons
  7682 | Bailey   | Noticed a two-headed ogre
  7690 | Bailey   | Killed a two-headed ogre
  7690 | Bailey   | Shot with an arrow by a spriggan

Illustrated notes

Levels and vault maps discovered:
D:1:      ncdulo_lavacross, layout_basic, dreamdust_ecumenical_altar_grove,
          minmay_misc_feat_nine_boxes, dk_noncrumbling_3, minivault_26
D:2:      layout_basic, basic_altar, hangedman_decor_lopped, st_stairs_9
D:3:      layout_loops_cross, grunt_temple_overflow_open
D:4:      layout_rooms, minmay_temple_entry_tees
D:5:      layout_cave_pools, tgw_xom, serial_demonic, serial_demonic_d,
          serial_demonic_a, serial_demonic_a, serial_demonic_g,
          serial_demonic_a, serial_demonic_a, uniq_edmund, uniq_pikel,
          uniq_sigmund
D:6:      minmay_razor_zed, layout_layer_cave, grunt_decor_junction,
          small_statue_intersection, kennysheep_generic_room_13, uniq_grinder,
          uniq_eustachio
D:7:      layout_basic, nicolae_ossuary_entry_plus,
          gammafunk_ghost_abyssal_escape, enter_bailey_2, uniq_joseph
Temple:   hellmonk_temple_divided_pantheon
Bailey:   bailey_polearm_enchanted_keep_hellmonk, bailey

Skill      XL: |  1  2  3  4  5  6  7  8  9 10 |
---------------+-------------------------------+-----
Ranged Weapons | 6 7 11 12 13 14 15 | 15.2
Fighting       | 3 6 7 |  7.0
Armour         | 3 |  3.4
Dodging        | 5 |  5.8
Stealth        | 6 7 |  7.0
Evocations     | 5 |  5.1
Short Blades   | 2 4 6 |  6.3

Action                     |  1- 3 |  4- 6 |  7- 9 | 10-12 || total
---------------------------+-------+-------+-------+-------++-------
  Melee: Short sword       |       |       |    68 |       ||    68
         Punch             |       |       |     2 |       ||     2
   Fire: Shortbow          |    72 |   122 |   239 |   190 ||   623
 Invoke: Ancestor Identity |       |       |     1 |       ||     1
    Use: Scroll            |       |     5 |     3 |     8 ||    16
         Potion            |       |     1 |     1 |       ||     2
   Stab: Distracted        |       |       |     1 |       ||     1
         Sleeping          |       |       |     8 |       ||     8
 Armour: Leather armour    |     2 |    11 |    86 |     9 ||   108
  Dodge: Dodged            |    11 |    42 |   268 |    35 ||   356

Table legend: (Time is in decaauts)
 A = Elapsed time spent in this place.
 B = Non-inter-level travel time spent in this place.
 C = Inter-level travel time spent in this place.
 D = Time resting spent in this place.
 E = Time spent auto-exploring this place.
 F = Levels seen in this place.
 G = Mean time per level.
                   A        B        C        D        E       F      G
               +--------+--------+--------+--------+--------+-----+--------+
         Total |   7663 |   7466 |    197 |   1460 |   4715 |  10 |  766.3 |
       Dungeon |   7097 |   6900 |    197 |   1340 |   4544 |   7 | 1013.9 |
        Temple |     52 |     52 |      0 |      0 |      2 |   1 |   52.0 |
       Ossuary |    259 |    259 |      0 |      0 |    148 |   1 |  259.0 |
        Bailey |    253 |    253 |      0 |    120 |     21 |   1 |  253.0 |
               +--------+--------+--------+--------+--------+-----+--------+

Top non-repeatable levels by time:
     D:6: 1801 daAuts
     D:5: 1343 daAuts
     D:2: 1197 daAuts
     D:1: 1191 daAuts
     D:4: 796 daAuts
     D:3: 671 daAuts
 Ossuary: 259 daAuts
  Bailey: 253 daAuts
     D:7: 95 daAuts
  Temple: 52 daAuts
